 Dungeon Crawl Stone Soup version 0.27.1-37-g7b29ead8ac (webtiles) character file.

Game seed: 11179807631129616425

2 sahdkjhfkaj the Grasshopper (level 1, 17/17 HPs)
             Began as a Ghoul Warper on Mar 3, 2023.
             Quit the game on level 1 of the Dungeon.
             The game lasted 00:00:46 (464 turns).

sahdkjhfkaj the Grasshopper (Ghoul Warper)           Turns: 464, Time: 00:00:46

Health: 17/17      AC:  3    Str: 14    XL:     1   Next: 40%
Magic:  2/2        EV: 11    Int:  8    God:
Gold:   23         SH:  0    Dex:  8    Spells: 3/3 levels left

rFire    . . .     SeeInvis .     - Unarmed
rCold    + . .     Faith    .   (no shield)
rNeg     + + +     Spirit   .   a - +0 leather armour
rPois    ∞         Reflect  .   (no helmet)
rElec    .         Harm     .   (no cloak)
rCorr    .         Rampage  .   (no gloves)
Will     .....                  (no boots)
Stlth    +.........             (no amulet)
HPRegen  0.00/turn              (no ring)
MPRegen  0.08/turn              (no ring)

@: inhibited regen
A: claws 1, cold resistance 1, negative energy resistance 3, inhibited
regeneration, torment resistance 2
a: no special abilities


You were on level 1 of the Dungeon.
You visited 1 branch of the dungeon, and saw 1 of its levels.

You collected 23 gold pieces.

Inventory:

Missiles
 c - 5 boomerangs of dispersal (quivered)
Armour
 a - a +0 leather armour (worn)
Scrolls
 b - a scroll of blinking {!r}


   Skills:
 - Level 2.1 Fighting
 - Level 0.8 Throwing
 - Level 0.8 Armour
 - Level 1.7 Dodging
 + Level 1.0 Stealth
 - Level 2.1 Unarmed Combat
 - Level 1.7 Spellcasting
 - Level 2.6 Translocations


You had 3 spell levels left.
You didn't know any spells.
Your spell library contained the following spells:

 Spells                   Type           Power      Damage    Failure   Level
 Blink                    Tloc           N/A        N/A       22%         2
 Gell's Gravitas          Tloc           2%         N/A       41%         3
 Lesser Beckoning         Tloc           2%         N/A       41%         3
 Teleport Other           Tloc           5%         N/A       41%         3
 Manifold Assault         Tloc           5%         N/A       99%         5


Dungeon Overview and Level Annotations

Branches:
Dungeon (1/15)

Altars:


Innate Abilities, Weirdness & Mutations

You thrive by killing the living.
You are immune to poison.
You have sharp fingernails.
Your flesh is cold resistant. (rC+)
You are immune to negative energy. (rN+++)
You do not regenerate when monsters are visible.
You are immune to unholy pain and torment.


Message History

You scratch the hobgoblin.
You kill the hobgoblin!
You feel better.
Unknown command.
You see here a hobgoblin corpse.
HP restored.
You now have 13 gold pieces.
Key pressed, stopping explore.
You see here a hobgoblin skeleton.
Found a stone staircase leading down.
There is a stone staircase leading down here.
Found 10 gold pieces.
Found a ring mail.
You now have 23 gold pieces (gained 10).
A kobold comes into view. It is wielding a +0 whip.
A kobold is nearby!
A kobold is nearby!
The kobold hits you with a +0 whip.
You are too injured to fight recklessly!
You are too injured to fight recklessly!
You closely miss the kobold. The kobold hits you with a +0 whip.
* * * LOW HITPOINT WARNING * * *
You scratch the kobold.
The kobold is moderately wounded.
The kobold hits you with a +0 whip.
* * * LOW HITPOINT WARNING * * *
You closely miss the kobold.
The kobold is moderately wounded.
The kobold closely misses you.
You claw the kobold!
You kill the kobold!
You feel better.
Your Stealth skill increases to level 1!
Unknown command.
Things that are here:
a +0 whip; a kobold corpse A dart slug comes into view.
A dart slug is nearby!
A dart slug is nearby!
Are you sure you want to abandon this character and quit the game? (Confirm with "yes".)

### ..#
#.################
#.##..............
#.##.#############
#....#
#w#####.####
#......@#
#........#
#.######.# # .# #
.# # .. # ## #


You could see a dart slug.

Vanquished Creatures
  A hobgoblin (D:1)
  A kobold (D:1)
2 creatures vanquished.

Notes
Turn   | Place    | Note
-------+----------+-------------------------------------------
     0 | D:1      | sahdkjhfkaj the Ghoul Warper began the quest for the Orb.
     0 | D:1      | Reached XP level 1. HP: 17/17 MP: 2/2
   298 | D:1      | Reached skill level 1 in Stealth
   464 | D:1      | Quit the game

Illustrated notes

Levels and vault maps discovered:
D:1:      scummos_arrival_simple_crosswalls, layout_loops_ring,
          shapermc_ecumenical_altar_acropolis

Skill      XL: |  1 |
---------------+----+-----
Stealth        | 1 |  1.0
Fighting       | |  2.1
Throwing       | |  0.8
Armour         | |  0.8
Dodging        | |  1.7
Unarmed Combat | |  2.1
Spellcasting   | |  1.7
Translocations | |  2.6

Action                   || total
-------------------------++-------
Melee: Unarmed           ||    11
Dodge: Dodged            ||     4
